 Dungeon Crawl Stone Soup version 0.29.1-15-g9cfb28693d (webtiles) character file.

Game seed: 5105352861368251583

859 terminale the Magician (level 7, -3/48 HPs)
             Began as a Mummy Necromancer on May 1, 2023.
             Slain by a hound (4 damage)
             ... on level 5 of the Dungeon.
             The game lasted 00:43:51 (3932 turns).

terminale the Magician (Mummy Necromancer)          Turns: 3932, Time: 00:43:52

Health: -3/48      AC:  7    Str: 12    XL:     7   Next: 71%
Magic:  17/17      EV: 11    Int: 16    God:
Gold:   203        SH:  0    Dex: 12    Spells: 19/20 levels left

rFire   x . .      SeeInvis .   b - +0 trident
rCold   + . .      Faith    .   D - orb {light}
rNeg    + + +      Spirit   .   v - +0 leather armour
rPois   ∞          Reflect  .   s - +0 helmet
rElec   .          Harm     .   (no cloak)
rCorr   .          Rampage  .   x - +1 pair of gloves
Will    .....                   p - +0 pair of boots
Stlth   +.........              (no amulet)
HPRegen 0.16/turn               (no ring)
MPRegen 0.15/turn               (no ring)

@: glowing
A: cold resistance 1, negative energy resistance 3, torment resistance 2, heat
vulnerability 1, in touch with death 1, no potions
a: no special abilities


You were on level 5 of the Dungeon.
You visited 1 branch of the dungeon, and saw 6 of its levels.

You collected 203 gold pieces.

Inventory:

Hand Weapons
 b - a +0 trident (weapon)
 c - a +0 hand axe
 d - a +0 short sword
 g - a +0 dagger
 k - a +0 club
 q - a +0 falchion
 F - a +0 spectral club
Missiles
 h - 9 stones
 z - 4 poisoned darts
Armour
 a - a +0 robe
 i - a +0 ring mail
 j - a +0 ring mail
 l - a +0 ring mail
 p - a +0 pair of boots (worn)
 r - a +0 animal skin
 s - a +0 helmet (worn)
 v - a +0 leather armour (worn)
 x - a +1 pair of gloves (worn)
 C - an orb of mayhem
 D - an orb of light (worn)
Jewellery
 H - a +6 ring of strength
Wands
 B - a wand of paralysis (1)
 E - a wand of flame (9)
Scrolls
 e - 5 scrolls of teleportation
 m - a scroll of blinking {unknown}
 n - a scroll of amnesia {unknown}
 u - 3 scrolls of identify
 y - a scroll of noise {unknown}
 G - a scroll of fog {unknown}
 I - a scroll of vulnerability {unknown}
Potions
 f - a potion of brilliance {unknown}
 o - 5 potions of curing (quivered)
 t - a potion of lignification {unknown}
 w - a potion of might {unknown}
 A - 2 potions of mutation {unknown}


   Skills:
 + Level 1.3 Fighting
 + Level 1.2 Polearms
 + Level 0.9 Armour
 + Level 2.2 Dodging
 + Level 2.4 Stealth
 + Level 7.1 Spellcasting
 + Level 6.5 Necromancy
 + Level 0.9 Evocations


You had 19 spell levels left.
You knew the following spells:

 Your Spells              Type           Power      Damage    Failure   Level
a - Necrotise             Necr           100%       1d9       1%          1

Your spell library contained the following spells:

 Spells                   Type           Power      Damage    Failure   Level
 Vampiric Draining        Necr           39%        2d8       3%          3
 Animate Dead             Necr           39%        N/A       11%         4
 Sandblast                Erth           10%        2d5       16%         1
 Passwall                 Tmut/Erth      4%         N/A       24%         2
 Agony                    Necr           39%        N/A       30%         5
 Portal Projectile        Hex/Tloc       10%        N/A       43%         3
 Stone Arrow              Conj/Erth      10%        3d7       43%         3
 Tukima's Dance           Hex            5%         N/A       43%         3
 Blade Hands              Tmut           Unusable   N/A       N/A         5

Dungeon Overview and Level Annotations

Branches:
Dungeon (6/15)
 Temple: D:4-7

Altars:
Cheibriados
Hepliaklqana
Nemelex Xobeh
Okawaru

Shops:
D:2 ?

Annotations:
D:3 Natasha


Innate Abilities, Weirdness & Mutations

You are immune to poison.
Your flesh is cold resistant. (rC+)
You are immune to negative energy. (rN+++)
You are immune to unholy pain and torment.
You are vulnerable to heat. (rF-)
You are in touch with the powers of death.
You do not drink.


Message History

I - a scroll labelled QAKOGOA APNENK
Things that are here:
a +1 sling of flaming; a +0 ring mail; a +0 whip
Okay, then.
You start resting.
A phantom is nearby!
A phantom is nearby!
A phantom is nearby!
A phantom is nearby!
Found a stone staircase leading up.
A phantom is nearby!
There is a stone staircase leading down here.
You climb downwards.
The hound barks!
The howler monkey howls!
Found 14 gold pieces.
There is a stone staircase leading up here.
The hound attacks as you move away! The hound misses you. The hound bites you.
* * * LOW HITPOINT WARNING * * *
An adder comes into view.
The hound attacks as you move away! The hound bites you.
* * * LOW HITPOINT WARNING * * *
The adder hisses angrily.
The hound bites you.
* * * LOW HITPOINT WARNING * * *
The hound bites you but does no damage. The hound barely misses you.
The hound attacks as you move away! The hound bites you but does no damage.
The howler monkey hoots and howls with incredible vigour!
The hound closely misses you. The hound bites you but does no damage.
The hound attacks as you move away! The hound barely misses you.
The orc completely misses you. The hound bites you but does no damage.
The hound attacks as you move away! The hound bites you but does no damage.
The orc attacks as you move away! The orc hits you with a +0 morningstar.
* * * LOW HITPOINT WARNING * * *
The hound bites you.
* * * LOW HITPOINT WARNING * * *
You open the door. The hound bites you.
You die...

.^.)..#....#..........#.....#....
......#....#..........#...[.#....
#.##'##....####'####..##..####...
####.##....##....###..##..#######
#...............#........#.....
#.).............#.......<#.....
#...............#......).#.....
##..##...#####'##..#.#.#####...
#####...###..@###.._...####...
#.....#....h.hS#.#....#....
#.....#....o..........#....
#.....#.........#.....#....
#.....#.........#.....#....
#.....#.........#..h..#....
########...##...####..###..
#...#########..###.. #....
..............


You could see a howler monkey, a hound, an adder and an orc.

Vanquished Creatures
  A black bear (D:4)
  2 ogres (D:5)
  A phantom (D:4)
  A necrophage (D:5)
  A scorpion (D:5)
  A howler monkey (D:4)
  2 iguanas
  An orc wizard (D:4)
  Ijyb (D:3)
  Natasha (twice) (D:3)
  Robin (D:2)
  8 adders
  3 worms
  6 orcs
  3 bats
  6 endoplasms
  8 giant cockroaches
  6 hobgoblins
  7 kobolds
  3 quokkas
  7 ball pythons
  16 goblins
  2 rats (D:2)
89 creatures vanquished.

Vanquished Creatures (collateral kills)
  A jelly (D:5)
  An orc (D:4)
  2 goblins
  A kobold (D:4)
5 creatures vanquished.

Vanquished Creatures (others)
  A goblin (D:2)
1 creature vanquished.

Grand Total: 95 creatures vanquished

Notes
Turn   | Place    | Note
-------+----------+-------------------------------------------
     0 | D:1      | terminale the Mummy Necromancer began the quest for the
                  | Orb.
     0 | D:1      | Reached XP level 1. HP: 13/13 MP: 4/4
   311 | D:1      | Reached XP level 2. HP: 9/19 MP: 0/5
   419 | D:1      | Reached skill level 3 in Spellcasting
   832 | D:2      | Gained mutation: You are in touch with the powers of death.
                  | [Mummy growth]
   832 | D:2      | Reached XP level 3. HP: 24/24 MP: 3/7
   977 | D:2      | Noticed Robin
  1018 | D:2      | Killed Robin
  1019 | D:2      | Reached XP level 4. HP: 20/30 MP: 1/9
  1099 | D:2      | Found Awazi's Magic Scroll Shop.
  1277 | D:2      | Reached skill level 5 in Necromancy
  1634 | D:3      | Noticed Natasha
  1641 | D:3      | Killed Natasha
  1642 | D:3      | Reached skill level 4 in Spellcasting
  1676 | D:3      | Reached XP level 5. HP: 35/35 MP: 3/11
  1799 | D:3      | Noticed Natasha
  1805 | D:3      | Killed Natasha
  1881 | D:3      | Noticed Natasha
  1956 | D:3      | Noticed Ijyb
  2122 | D:4      | Found a hazy altar of Hepliaklqana.
  2131 | D:4      | Found a snail-covered altar of Cheibriados.
  2144 | D:4      | Reached skill level 5 in Spellcasting
  2348 | D:3      | Killed Ijyb
  2675 | D:4      | Reached XP level 6. HP: 42/42 MP: 9/14
  2924 | D:4      | Reached skill level 1 in Polearms
  2951 | D:4      | Reached skill level 6 in Spellcasting
  3061 | D:4      | Reached XP level 7. HP: 40/47 MP: 16/16
  3471 | D:5      | Entered Level 5 of the Dungeon
  3500 | D:5      | Reached skill level 1 in Fighting
  3771 | D:5      | Reached skill level 7 in Spellcasting
  3779 | D:5      | Found an iron altar of Okawaru.
  3866 | D:4      | Found a sparkling altar of Nemelex Xobeh.
  3930 | D:5      | HP: 1/48 [hound (4)]
  3932 | D:5      | Slain by a hound

Illustrated notes

Levels and vault maps discovered:
D:1:      minmay_arrival_nine_rooms, layout_rooms
D:2:      layout_loops_ring, serial_shops, shop, kennysheep_doodads, uniq_robin
D:3:      layout_rooms, uniq_natasha, uniq_ijyb
D:4:      layout_loops_ring, nemelex_diamond_rough_becter,
          mainiacjoe_overflow_catwalk_spiral, minmay_ruined_shrine
D:5:      layout_gridville, okawaru_metal_pillars_1_2,
          mainiacjoe_overflow_six_doors_small, lemuel_round_altar
D:6:      layout_cave_pools, nicolae_qazlal_scattered_showers,
          nicolae_elyvilon_peaceful_grove, general_overflow_altar,
          minmay_temple_entry_ruins

Skill      XL: |  1  2  3  4  5  6  7 |
---------------+----------------------+-----
Spellcasting   | 3 4 5 6 7 |  7.1
Necromancy     | 5 6 |  6.5
Stealth        | 2 |  2.4
Polearms       | 1 |  1.2
Dodging        | 2 |  2.2
Fighting       | 1 |  1.3
Armour         | |  0.9
Evocations     | |  0.9

Action                   |  1- 3 |  4- 6 |  7- 9 || total
-------------------------+-------+-------+-------++-------
Melee: Trident           |    23 |    20 |    12 ||    55
 Cast: Necrotise         |    57 |   115 |    15 ||   187
Evoke: Wand              |       |    13 |     1 ||    14
  Use: Scroll            |     2 |       |       ||     2
 Stab: Sleeping          |     1 |       |       ||     1
Armor: Robe              |     5 |       |       ||     5
       Leather armour    |       |    33 |    19 ||    52
Dodge: Dodged            |    41 |    51 |    18 ||   110
